 Seeded DCSS version 0.31-a0-557-g6e16503903 (webtiles) character file.

Game seed: 16161720884980326079 (custom seed)

67 innerfire43 the Trooper (level 4, 0/37 HPs)
             Began as a Demonspawn Monk on Aug 16, 2023.
             Was a Priest of Dithmenos.
             Slain by a hobgoblin (6 damage)
             ... led by Robin
             ... on level 2 of the Dungeon.
             The game lasted 00:00:55 (721 turns).

innerfire43 the Trooper (Demonspawn Monk)            Turns: 721, Time: 00:00:55

Health: 0/37       AC:  3    Str: 13    XL:     4   Next: 0%
Magic:  4/4        EV: 13    Int: 11    God:    Dithmenos [***...]
Gold:   35         SH:  0    Dex: 16    Spells: 3/3 levels left

rFire   . . .        a - +0 mace
rCold   . . .        d - orb {light}
rNeg    . . .        b - +0 robe
rPois   .            (helmet restricted)
rElec   .            (no cloak)
rCorr   .            (no gloves)
SInv    .            (no boots)
Will    .....        j - amulet of faith
Stlth   +            (no ring)
HPRegen 0.26/turn    (no ring)
MPRegen 0.09/turn

%: faith
@: confused, ambrosia-drunk
A: antennae 1, spiny 1, sharp scales 1
a: Renounce Religion, Shadow Step


You were on level 2 of the Dungeon.
You worshipped Dithmenos.
Dithmenos was most pleased with you.
You visited 1 branch of the dungeon, and saw 2 of its levels.

You collected 35 gold pieces.

Inventory:

Hand Weapons
 a - a +0 mace (weapon)
Armour
 b - a +0 robe (worn)
 d - an orb of light (worn)
 f - a +0 helmet
Jewellery
 j - an amulet of faith (around neck)
 k - an amulet of guardian spirit
Scrolls
 g - 2 scrolls of silence {unknown}
 i - a scroll of brand weapon {unknown}
Potions
 e - a potion of heal wounds {unknown}
 h - a potion of haste {unknown}


   Skills:
 + Level 3.7 Fighting
 + Level 3.3 Maces & Flails
 + Level 3.3 Dodging


You had 3 spell levels left.
You didn't know any spells.
Your spell library was empty.

Dungeon Overview and Level Annotations

Branches:
Dungeon (2/15)

Altars:
Dithmenos

Annotations:
D:2 Robin


Innate Abilities, Weirdness & Mutations

You have a pair of small antennae on your head.
You are partially covered in sharp spines.
You are partially covered in razor-sharp scales. (AC +1, Slay +1)


Message History

You kill the goblin!
Dithmenos accepts your kill.
Items here: )))) †††††.
The hobgoblin hits you. Robin hits you with a +4 club.
Things that are here:
a +0 club; a goblin corpse Unknown command.
You hit the goblin.
The goblin is moderately wounded.
The goblin is struck by your spines. The goblin hits you with a +0 dagger.
Robin is struck by your spines. Robin hits you with a +4 club.
* * * LOW HITPOINT WARNING * * *
The hobgoblin hits you.
* * * LOW HITPOINT WARNING * * *
The hobgoblin hits you.
* * * LOW HITPOINT WARNING * * *
The goblin is struck by your spines.
You kill the goblin!
Dithmenos accepts your kill. Robin barely misses you.
You have reached level 4!
You feel agile.
Your demonic ancestry asserts itself...
Sharp scales grow over part of your body.
You are confused.
You feel invigorated. The hobgoblin hits you.
* * * LOW HITPOINT WARNING * * *
Robin hits you but does no damage.
Unknown command.
You hit Robin.
Robin is moderately wounded.
The hobgoblin hits you.
* * * LOW HITPOINT WARNING * * *
Robin hits you with a +4 club.
* * * LOW HITPOINT WARNING * * *
You hit Robin.
Robin is moderately wounded.
Robin is struck by your spines. Robin hits you with a +4 club.
* * * LOW HITPOINT WARNING * * *
The hobgoblin hits you.
You die...

#.#####.#.#.###.
#.#####.#.#.....
#####
#....##...######
#.... ####.######
###.... ##'#####
....... #......#
...:... #......#
......g####......#
......g@))).>....#
....#######......#
. #†(....#
(.".#### .$...#
#.....# #.....#
#.....# ####+##


You could see Robin and a hobgoblin (strong).

Vanquished Creatures
  Jessica (D:2)
  An adder (D:2)
  A worm (D:2)
  A dart slug (D:1)
  An endoplasm (D:1)
  5 hobgoblins
  5 kobolds
  A quokka (D:1)
  A frilled lizard (D:1)
  9 goblins (D:2)
26 creatures vanquished.

Notes
Turn   | Place    | Note
-------+----------+-------------------------------------------
     0 | D:1      | innerfire43 the Demonspawn Monk began the quest for the
                  | Orb.
     0 | D:1      | Reached XP level 1. HP: 18/18 MP: 1/1
   122 | D:1      | Found a faded altar of an unknown god.
   141 | D:1      | Gained mutation: You are partially covered in sharp spines.
                  | [demonic ancestry]
   141 | D:1      | Reached XP level 2. HP: 21/24 MP: 2/2
   143 | D:1      | Prayed at the altar of an unknown god.
   143 | D:1      | Became a worshipper of Dithmenos the Shadowed
   143 | D:1      | Reached * piety under Dithmenos
   143 | D:1      | Reached ** piety under Dithmenos
   587 | D:2      | Noticed Jessica
   592 | D:2      | Killed Jessica
   593 | D:2      | Gained mutation: You have a pair of small antennae on your
                  | head. [demonic ancestry]
   593 | D:2      | Reached XP level 3. HP: 25/29 MP: 3/3
   677 | D:2      | Reached *** piety under Dithmenos
   693 | D:2      | Identified the +2 helmet "Paunutas" {rC- Will++ Dex+4 SInv}
   693 | D:2      | Noticed Robin
   719 | D:2      | Gained mutation: You are partially covered in razor-sharp
                  | scales. (AC +1, Slay +1) [demonic ancestry]
   719 | D:2      | Reached XP level 4. HP: 2/37 MP: 4/4
   721 | D:2      | Slain by a hobgoblin

Illustrated notes

Levels and vault maps discovered:
D:1:      nzn_arrival_settlement, layout_rooms,
          shapermc_ecumenical_altar_starsandcircs
D:2:      layout_basic, feat_on_display, uniq_jessica, uniq_robin,
          uniq_crazy_yiuf_cottage, uniq_terence

Skill      XL: |  1  2 |
---------------+-------+-----
Maces & Flails | 3 |  3.3
Dodging        | 3 |  3.3
Fighting       | |  3.7

Action                     |  1- 3 |  4- 6 || total
---------------------------+-------+-------++-------
  Melee: Mace              |    40 |     2 ||    42
    Use: Potion            |     1 |     1 ||     2
 Armour: Robe              |     5 |     1 ||     6
  Dodge: Dodged            |    32 |       ||    32

Table legend: (Time is in decaauts)
 A = Elapsed time spent in this place.
 B = Non-inter-level travel time spent in this place.
 C = Inter-level travel time spent in this place.
 D = Time resting spent in this place.
 E = Time spent auto-exploring this place.
 F = Levels seen in this place.
 G = Mean time per level.
                   A        B        C        D        E       F      G
               +--------+--------+--------+--------+--------+-----+--------+
         Total |    730 |    685 |     45 |      0 |    546 |   2 |  365.0 |
       Dungeon |    730 |    685 |     45 |      0 |    546 |   2 |  365.0 |
               +--------+--------+--------+--------+--------+-----+--------+

Top non-repeatable levels by time:
     D:1: 585 daAuts
     D:2: 145 daAuts
